 Dungeon Crawl Stone Soup version 0.31-a0-977-gc230f8ef24 (webtiles) character file.

Game seed: 16877898557008842208

100 Gladio the Slasher (level 4, 0/37 HPs)
             Began as a Demigod Gladiator on Oct 29, 2023.
             Slain by an orc priest
             ... wielding a +0 war axe
              (4 damage)
             ... on level 3 of the Dungeon.
             The game lasted 00:02:53 (2132 turns).

Gladio the Slasher (Demigod Gladiator)              Turns: 2132, Time: 00:02:54

Health: 0/37       AC:  6    Str: 15    XL:     4   Next: 23%
Magic:  6/6        EV: 12    Int: 10    God:
Gold:   90         SH:  0    Dex: 19    Spells: 3/3 levels left

rFire   . . .        a - +0 long sword
rCold   . . .        (no shield)
rNeg    . . .        p - +0 ring mail
rPois   .            c - +0 helmet
rElec   .            (no cloak)
rCorr   .            (no gloves)
SInv    .            (no boots)
Will    .....        (no amulet)
Stlth   +            (no ring)
HPRegen 0.26/turn    (no ring)
MPRegen 0.10/turn

%: no passive effects
@: brilliant, attractive
A: high MP 1, forlorn, divine attributes
a: no special abilities


You were on level 3 of the Dungeon.
You visited 1 branch of the dungeon, and saw 3 of its levels.

You collected 90 gold pieces.

Inventory:

Hand Weapons
 a - a +0 long sword (weapon)
Missiles
 d - 3 throwing nets (quivered)
 e - a javelin
Armour
 b - a +0 leather armour
 c - a +0 helmet (worn)
 p - a +0 ring mail (worn)
Jewellery
 n - an amulet of magic regeneration
Scrolls
 f - a scroll of revelation {unknown}
 g - 3 scrolls of vulnerability {unknown}
 i - 2 scrolls of torment {unknown}
 j - a scroll of immolation
 k - a scroll of fear {unknown}
 m - a scroll of noise {unknown}
 q - a scroll of identify {unknown}
Potions
 o - a potion of invisibility


   Skills:
 + Level 2.6 Fighting
 * Level 3.9 Long Blades
 - Level 1.7 Throwing
 + Level 3.3 Dodging


You had 3 spell levels left.
You didn't know any spells.
Your spell library contained the following spells:

 Spells                   Type           Power      Damage    Failure   Level
 Cigotuvi's Dreadful Rot  Necr/Pois/Air  0%         N/A       75%         2
 Ignite Poison            Fire/Tmut/Pois 0%         N/A       92%         3
 Freezing Cloud           Conj/Ice/Air   0%         6-21      100%        5


Dungeon Overview and Level Annotations

Branches:
Dungeon (3/15)

Shops:
D:1 ?


Innate Abilities, Weirdness & Mutations

You have an increased reservoir of magic. (+10% MP)
You shall have no god before yourself.
Your divine heritage dramatically boosts your attributes as you level up.


Message History

The orc hits you with a +0 flail.
* * * LOW HITPOINT WARNING * * *
The orc priest hits you with a +0 war axe.
* * * LOW HITPOINT WARNING * * *
The orc barely misses you.
The orc priest miscasts a cantrip.
It was a potion of invisibility.
You fade into invisibility!
The orc completely misses you.
It was a potion of attraction.
You feel attractive to monsters. The orc priest is attracted toward you.
It was a potion of brilliance.
You feel clever all of a sudden. The orc hits you but does no damage.
The orc hits you with a +0 flail.
* * * LOW HITPOINT WARNING * * *
The orc priest closely misses you.
Unknown command.
The orc hits you but does no damage. The orc priest is attracted toward you.
You flicker for a moment.
Found 4 stones.
You flicker back into view.
The orc priest is attracted toward you.
The orc priest begins to cast a cantrip, but forgets the words!
The orc priest is attracted toward you. The orc priest is attracted toward you.
The orc priest is attracted toward you. The orc attacks as it pursues you!
The orc closely misses you. The orc priest is attracted toward you.
The orc is attracted toward you.
You see here a ball python corpse.
The orc priest attacks as it pursues you!
The orc priest hits you with a +0 war axe.
* * * LOW HITPOINT WARNING * * *
The orc priest attacks as it pursues you!
The orc priest barely misses you.
The orc priest attacks as it pursues you!
The orc priest barely misses you.
There is an escape hatch in the ceiling here.
The orc priest hits you with a +0 war axe.
You die...

############## #............#
#............# #####
#............# ###...###
#............# #.......#
#............# #.#...#.#
#......†o.o..# #.#...#.#
###.....'####o.# #.#...#.##
.###.......#...#@.# #.#####...
..##.......#._.#..######.########
.#.........#...#.................
..##...##..#≈≈≈#....<###.########
.###...##.##...#.#...............
...#...##.##._.#.#.≈≈≈≈≈.≈≈≈≈≈.≈≈
.#.....##.##...###.≈###≈.≈###≈.≈#
.......##.#####+ #.≈# #≈.≈# #≈.≈#
.#..#####.# #.≈# #≈.≈# #≈.≈#


You could see an orc priest and an orc.

Vanquished Creatures
  4 adders
  2 worms (D:2)
  A dart slug (D:2)
  An orc (D:3)
  7 ball pythons
  4 endoplasms
  4 giant cockroaches
  7 goblins
  7 hobgoblins
  6 kobolds
  7 bats
  4 frilled lizards
  A rat (D:2)
55 creatures vanquished.

Notes
Turn   | Place    | Note
-------+----------+-------------------------------------------
     0 | D:1      | Gladio the Demigod Gladiator began the quest for the Orb.
     0 | D:1      | Reached XP level 1. HP: 17/17 MP: 3/3
    20 | D:1      | Found Viguik's Magic Scroll Shoppe.
   244 | D:1      | Reached XP level 2. HP: 22/24 MP: 4/4
  1052 | D:2      | Reached XP level 3. HP: 11/29 MP: 5/5
  1758 | D:2      | Reached XP level 4. HP: 34/37 MP: 6/6
  2132 | D:3      | Slain by an orc priest

Illustrated notes

Levels and vault maps discovered:
D:1:      saegor_arrival_simple_b, layout_rooms, serial_shops, shop,
          fountainhead, nicolae_eternal_life
D:2:      minmay_thinvault, layout_loops_ring,
          hellmonk_ecumenical_altar_blasted, serial_park_tiny_1,
          minmay_door_square, minmay_between
D:3:      layout_basic, mainiacjoe_overflow_divided_tiny, serial_shops, shop,
          st_stairs_12, kennysheep_boxes

Skill      XL: |  1  2 |
---------------+-------+-----
Fighting       | 2 |  2.6
Long Blades    | 3 |  3.9
Dodging        | 3 |  3.3
Throwing       | |  1.7

Action                     |  1- 3 |  4- 6 || total
---------------------------+-------+-------++-------
  Melee: Long sword        |   135 |    34 ||   169
         Punch             |       |     2 ||     2
    Use: Potion            |       |     3 ||     3
   Stab: Sleeping          |     3 |       ||     3
 Armour: Leather armour    |   116 |       ||   116
         Ring mail         |     1 |    36 ||    37
  Dodge: Dodged            |   110 |    36 ||   146

Table legend: (Time is in decaauts)
 A = Elapsed time spent in this place.
 B = Non-inter-level travel time spent in this place.
 C = Inter-level travel time spent in this place.
 D = Time resting spent in this place.
 E = Time spent auto-exploring this place.
 F = Levels seen in this place.
 G = Mean time per level.
                   A        B        C        D        E       F      G
               +--------+--------+--------+--------+--------+-----+--------+
         Total |   2171 |   2120 |     51 |      0 |   1708 |   3 |  723.7 |
       Dungeon |   2171 |   2120 |     51 |      0 |   1708 |   3 |  723.7 |
               +--------+--------+--------+--------+--------+-----+--------+

Top non-repeatable levels by time:
     D:2: 1199 daAuts
     D:1: 752 daAuts
     D:3: 219 daAuts
